 Dungeon Crawl Stone Soup version 0.21-a0-344-g2144152 (webtiles) character file.

7 tidbits the Scratcher (level 1, -2/9 HPs)
             Began as a Felid Transmuter on Oct 4, 2017.
             Slain by a hobgoblin
             ... wielding a +0 club
              (6 damage)
             ... on level 1 of the Dungeon.
             The game lasted 00:00:46 (97 turns).

tidbits the Scratcher (Felid Transmuter)              Turns: 97, Time: 00:00:46

Health: -2/9       AC:  1    Str:  6    XL:     1   Next: 83%
Magic:  3/4        EV: 18    Int: 14    God:
Gold:   0          SH:  0    Dex: 16    Spells: 3/4 levels left
                                        Lives:  0   Deaths: 0

rFire    . . .     SeeInvis +     - Unarmed
rCold    . . .     Gourm    .   (shield unavailable)
rNeg     . . .     Faith    .   (armour unavailable)
rPois    .         Spirit   .   (helmet unavailable)
rElec    .         Reflect  .   (cloak unavailable)
rCorr    .         Harm     .   (gloves unavailable)
MR       .....                  (boots unavailable)
Stlth    ++........             (no amulet)
HPRegen  0.03/turn              (no ring)
MPRegen  0.09/turn              (no ring)

@: appendage, quick
A: no armour, no weapons or thrown items, stealth, claws 1, fangs 3, horns 2,
see invisible, carnivore 3, speed 1, shaggy fur 1, slow metabolism 1, sharp paws
a: End Transformation


You were on level 1 of the Dungeon.
You were not hungry.
You had grown temporary horns.
You visited 1 branch of the dungeon, and saw 1 of its levels.

Inventory:

Missiles
 a - 12 arrows
Books
 b - a book of Changes

   Spells                             Type                      Level
   a - Beastly Appendage              Transmutation                1
   b - Sticks to Snakes               Transmutation                2
   c - Spider Form                    Transmutation/Poison         3
   d - Ice Form                       Ice/Transmutation            4
   e - Blade Hands                    Transmutation                5
Comestibles
 c - a meat ration


   Skills:
 - Level 1.0 Fighting
 - Level 2.6 Dodging
 + Level 1.5 Stealth
 + Level 3.2 Unarmed Combat
 - Level 2.0 Spellcasting
 - Level 2.1 Transmutations


You had 3 spell levels left.
You knew the following spells:

 Your Spells              Type           Power        Failure   Level  Hunger
e - Beastly Appendage     Tmut           #.....       10%         1    ##.....


Dungeon Overview and Level Annotations

Branches:
Dungeon (1/15)

Altars:


Innate Abilities, Weirdness & Mutations

You cannot wear armour.
You are incapable of wielding weapons or throwing items.
Your paws allow you to move quietly. (Stealth)
You have sharp claws.
You have razor-sharp teeth.
You have supernaturally acute eyesight. (SInv)
You are carnivorous and can eat meat at any time.
You cover ground quickly.
You are covered in fur. (AC +1)
You have a slow metabolism.
Your sharp claws are effective at attacking unaware monsters.
You have a pair of horns on your head.


Message History

Your horns disappear.
A leopard gecko comes into view.
A rat comes into view.
Casting: Beastly Appendage
Confirm with . or Enter, or press ? or * to list all spells.
You grow a pair of large bovine horns.
You scratch the rat.
The rat is severely wounded.
The rat barely misses you.
You barely miss the rat. Your headbutt misses the rat.
Your bite misses the rat.
The rat is moderately wounded.
The rat closely misses you.
You barely miss the rat. You headbutt the rat, but do no damage.
Your bite misses the rat.
The rat is moderately wounded.
The rat bites you.
You closely miss the rat.
The rat is moderately wounded.
The rat misses you.
You closely miss the rat.
The rat is moderately wounded.
The leopard gecko hisses angrily.
You barely miss the rat. Your bite misses the rat.
The rat is moderately wounded.
Your transformation is almost over.
The rat barely misses you.
You scratch the rat.
You kill the rat!
Casting: Beastly Appendage
Confirm with . or Enter, or press ? or * to list all spells.
You extend your transformation's duration.
You scratch the leopard gecko.
The leopard gecko is heavily wounded.
The leopard gecko bites you. The leopard gecko closely misses you.
You closely miss the leopard gecko.
The leopard gecko is heavily wounded.
The leopard gecko closely misses you.
You barely miss the leopard gecko. Your headbutt misses the leopard gecko.
Your bite misses the leopard gecko.
The leopard gecko is heavily wounded.
The leopard gecko completely misses you.
You scratch the leopard gecko.
You kill the leopard gecko!
Your Stealth skill increases to level 1!
Things that are here:
a leopard gecko corpse; a rat corpse Your transformation is almost over.
Found a stone staircase leading down.
Found a meat ration.
A leopard gecko and a goblin come into view.
Your horns disappear.
Found a ring mail.
Found 5 gold pieces and a grey potion.
Casting: Beastly Appendage
Confirm with . or Enter, or press ? or * to list all spells.
You grow a pair of large bovine horns.
The goblin shouts!
The leopard gecko hisses angrily.
You hear a shout!
A hobgoblin comes into view. It is wielding a club.
You scratch the goblin. You bite the goblin, but do no damage.
The goblin is moderately wounded.
Your transformation is almost over.
You scratch the goblin. You bite the goblin.
You kill the goblin!
You scratch the leopard gecko.
The leopard gecko is moderately wounded.
The leopard gecko misses you.
You scratch the leopard gecko. Your headbutt misses the leopard gecko.
The leopard gecko is heavily wounded.
The leopard gecko bites you.
You scratch the leopard gecko.
You kill the leopard gecko!
Your horns disappear.
You closely miss the hobgoblin. The hobgoblin misses you.
Casting: Beastly Appendage
Confirm with . or Enter, or press ? or * to list all spells.
You grow a pair of large bovine horns.
The hobgoblin hits you but does no damage.
You closely miss the hobgoblin. Your headbutt misses the hobgoblin.
Your bite misses the hobgoblin. The hobgoblin completely misses you.
You closely miss the hobgoblin. Your headbutt misses the hobgoblin.
You bite the hobgoblin.
The hobgoblin is severely wounded.
You scratch the hobgoblin but do no damage.
The hobgoblin is severely wounded.
The hobgoblin closely misses you.
A rat comes into view.
You scratch the hobgoblin but do no damage.
The hobgoblin is severely wounded.
The hobgoblin closely misses you.
You closely miss the hobgoblin.
The hobgoblin is severely wounded.
The hobgoblin hits you with a club.
* * * LOW HITPOINT WARNING * * *
You closely miss the hobgoblin. Your headbutt misses the hobgoblin.
You bite the hobgoblin, but do no damage.
The hobgoblin is severely wounded.
The hobgoblin hits you with a club.
Ouch! That really hurt!
You die...

#......# [ ### #......# ..
..###......#
..######...#......#
.........#.#......#
#...#.#.#......# ###
#>....r........#########
#$.g.##.#.###g#.......†......#
#......# #@#.##....######..
#.%.....##......####....###
#.....#####...####........#
#.....# ###.###..........
.......# #.##.%.........
....##### .##........... #....
#.....####... #!... #...###
###. #..## ##


You could see a hobgoblin and a rat.

Vanquished Creatures
  2 leopard geckos (D:1)
  A goblin (D:1)
  A kobold (D:1)
  A rat (D:1)
5 creatures vanquished.

Notes
Turn   | Place    | Note
-------+----------+-------------------------------------------
     0 | D:1      | tidbits the Felid Transmuter began the quest for the Orb.
     0 | D:1      | Reached XP level 1. HP: 9/9 MP: 4/4
    58 | D:1      | Reached skill level 1 in Stealth
    97 | D:1      | Slain by a hobgoblin

Vault maps used:
D:1:      minmay_arrival_loop, dk_noncrumbling_3, minmay_pentomino_q4

Skill      XL: |  1 |
---------------+----+-----
Stealth        | 1 |  1.5
Fighting       | |  1.0
Dodging        | |  2.6
Unarmed Combat | |  3.2
Spellcasting   | |  2.0
Transmutations | |  2.1

Action                   || total
-------------------------++-------
Melee: Unarmed           ||    24
       Bite              ||     4
       Headbutt          ||     1
 Cast: Beastly Appendage ||     5
Dodge: Dodged            ||    12

Table legend:
 A = Spawn XP
 B = Non-spawn XP
 C = Spawn XP percentage of total XP
 D = Spawn monster count
 E = Non-spawn monster count
 F = Spawn count percentage of total count
 G = Total turns spent on level
                    A         B        C        D         E        F      G
               +---------+---------+-------+---------+---------+-------+---------
         Total |       0 |      10 |   0.0 |       0 |       5 |   0.0 |    97
               +---------+---------+-------+---------+---------+-------+---------
           D:1 |       0 |      10 |   0.0 |       0 |       5 |   0.0 |    97
               +---------+---------+-------+---------+---------+-------+---------

Table legend:
 A = Turns spent in this place as a percentage of turns spent in the entire game.
 B = Non-inter-level travel turns spent in this place as a percentage of non-inter-level travel turns spent in the entire game.
 C = Inter-level travel turns spent in this place as a percentage of turns spent in this place.
 D = Turns resting spent in this place as a percentage of non-inter-level travel turns spent in this place.
 E = Turns spent auto-exploring this place as a percentage of non-inter-level travel turns spent in this place.
 F = Non-inter-level travel turns spent in this place divided by the number of levels of this place that you've seen.
                   A       B       C       D       E      F
               +-------+-------+-------+-------+-------+----------------------
         Total | 100.0 | 100.0 |   0.0 |   0.0 |   0.0 |  97.0
       Dungeon | 100.0 | 100.0 |   0.0 |   0.0 |   0.0 |  97.0
               +-------+-------+-------+-------+-------+----------------------

Table legend:
 A = Kills in this place as a percentage of kills in entire the game.
 B = Kills by you in this place as a percentage of kills by you in the entire game.
 C = Kills by friends in this place as a percentage of kills by friends in the entire game.
 D = Other kills in this place as a percentage of other kills in the entire game.
 E = Experience gained in this place as a percentage of experience gained in the entire game.
 F = Experience gained in this place divided by the number of levels of this place that you have seen.
                   A       B       C       D       E      F
               +-------+-------+-------+-------+-------+----------------------
         Total | 100.0 | 100.0 |   N/A |   N/A | 100.0 |  10.0
       Dungeon | 100.0 | 100.0 |   N/A |   N/A | 100.0 |  10.0
               +-------+-------+-------+-------+-------+----------------------

Vault maps used:
D:1:      minmay_arrival_loop, dk_noncrumbling_3, minmay_pentomino_q4
